Map: Orbital Shipyard

Players

KoyoT

  • Race: Terran Terran
  • League: Grandmaster

HolyHit - Winner!

  • Race: Protoss Protoss
  • League: Master

Event: Gauntlet LotV Series 1 Qualifier 1

VOD

Have the link to the VOD?

Description

Time

  • Played on: Nov. 22, 2015, 5:14 p.m.
  • Length: 11:13

All games in this series

Show
View Real Time Build Order
Export as new Build Order

KoyoT Terran 

Build Orders: MMM Bio 

Get SALT Encoding   

  12  0:01  SCV  
  13  0:15  Supply Depot  
  13  0:17  SCV  
  14  0:29  SCV  
  15  0:37  Barracks  
  15  0:42  Refinery  
  15  0:44  SCV  
  16  0:57  SCV  
  17  1:00  Barracks  
  17  1:09  SCV  
  18  1:21  SCV  
  19  1:26  Reaper  
  20  1:33  Orbital Command  
  20  1:36  Supply Depot  
  20  1:45  Barracks  
  20  1:49  Reaper  
  21  1:55  Refinery  
  21  2:03  SCV  
  21  2:04  Reaper  
  23  2:15  SCV, Engineering Bay  
  24  2:23  Reaper  
  24  2:27  SCV  
  26  2:30  Supply Depot  
  25  2:37  Reaper  
  25  2:40  SCV  
  25  2:41  Reaper  
  28  2:45  Missile Turret  
  28  2:52  SCV  
  28  2:56  Reaper  
  30  3:04  SCV  
  31  3:09  Reaper  
  31  3:13  Reaper  
  31  3:16  SCV  
  33  3:28  SCV  
  33  3:43  SCV  
  33  3:48  Command Center  
  33  3:51  Terran Infantry Weapons Level 1  
  33  3:53  Barracks Reactor, Barracks Tech Lab  
  33  3:55  SCV  
  34  4:02  Supply Depot  
  34  4:04  Barracks Tech Lab  
  34  4:07  SCV  
  35  4:14  Stimpack, Marauder  
  37  4:19  SCV  
  35  4:31  SCV  
  35  4:34  Marine x2  
  35  4:37  Missile Turret, Marine  
  35  4:38  Combat Shields, Marine  
  39  4:43  SCV  
  40  4:49  Supply Depot  
  40  4:52  Marine  
  41  4:53  Marine  
  41  4:55  SCV, Marine x2  
  44  5:02  Orbital Command  
  44  5:08  SCV  
  44  5:10  Supply Depot, Marine  
  44  5:11  Marine  
  47  5:15  Marine x2  
  47  5:20  SCV, Factory  
  49  5:28  Marine x2  
  49  5:32  SCV  
  49  5:33  Marauder  
  49  5:34  Marauder  
  57  5:35  SCV  
  57  5:44  SCV  
  57  5:46  Marine x2  
  57  5:47  SCV  
  61  5:54  Marine x2  
  61  5:56  SCV  
  63  5:59  SCV  
  63  6:04  Starport, Factory Reactor  
  63  6:08  Command Center  
  63  6:09  Marine x2  
  63  6:11  Concussive Shells  
  65  6:16  SCV  
  65  6:17  Refinery  
  66  6:19  Supply Depot  
  66  6:25  SCV  
  65  6:36  SCV  
  65  6:37  SCV  
  65  6:41  Barracks  
  65  6:42  Barracks  
  59  6:49  Marauder x2, Marine x2  
  59  6:50  SCV x2  
  67  7:00  Medivac x2  
  69  7:02  SCV x2  
  69  7:05  Refinery, Factory Reactor  
  69  7:07  Marine x2  
  73  7:11  Marine, Marauder  
  73  7:14  SCV  
  73  7:15  SCV  
  78  7:21  Supply Depot x2  
  78  7:24  Marine  
  78  7:25  Marine  
  78  7:29  Barracks Tech Lab  
  81  7:30  Marauder  
  81  7:33  Terran Infantry Armor Level 1, Supply Depot  
  81  7:34  Medivac x2  
  81  7:36  Supply Depot  
  85  7:42  SCV  
  86  7:45  Supply Depot  
  86  7:49  Marauder x2, Marine x2  
  92  7:54  Marauder  
  92  7:55  Orbital Command  
  94  8:04  Widow Mine x2  
  98  8:07  Marine  
  98  8:10  Marine  
  98  8:11  Marauder x2  
  104  8:13  Barracks Reactor  
  104  8:15  Marauder  
  106  8:20  SCV  
  106  8:25  Marine  
  85  8:28  Marine  
  85  8:32  Marine x2  
  86  8:38  Marauder  
  86  8:41  Widow Mine x2  
  88  8:42  Marine  
  88  8:43  Viking x2  
  88  8:46  Marine  
  98  8:49  Marine  
  98  8:50  Marauder  
  98  8:58  Marine x2  
  98  8:59  Marine  
  98  9:00  Marine  
  96  9:04  Marine  
  96  9:08  Marauder  
  96  9:09  Widow Mine x2  
  96  9:11  Marine  
  96  9:15  Marine x2  
  103  9:17  Marine  
  103  9:18  Marine  
  103  9:19  Orbital Command  
  103  9:22  Marine  
  102  9:26  Viking x2  
  102  9:29  Marine x2  
  108  9:33  Marine  
  108  9:35  Marauder  
  111  9:40  Marine x2  
  111  9:41  Marine  
  111  9:45  SCV x3  
  117  9:47  Marauder  
  119  9:55  Armory  
  119  9:56  Engineering Bay  
  119  9:58  Marine  
  119  9:59  Marauder x2  
  124  10:04  Supply Depot  
  124  10:08  Supply Depot  
  124  10:10  Supply Depot  
  124  10:18  Marauder  
  124  10:19  Widow Mine, Medivac  
  121  10:27  Marine x3  
  121  10:28  Marauder x2, Marine  
  106  10:30  Widow Mine  
  103  10:39  Marauder  
  101  10:45  Marine x4  
  101  10:49  Barracks x2, Marauder  
  109  10:50  Barracks, Marauder  
Show
View Real Time Build Order
Export as new Build Order

HolyHit Protoss - Winner!

Build Orders: 1 Gate Expand, Oracle Opening 

Get SALT Encoding   

  12  0:00  Probe (Chrono Boost)  
  13  0:11  Probe (Chrono Boost)  
  14  0:17  Pylon  
  14  0:22  Probe (Chrono Boost)  
  15  0:36  Gateway, Probe (Chrono Boost)  
  15  0:42  Assimilator  
  16  0:46  Probe (Chrono Boost)  
  18  0:57  Probe (Chrono Boost)  
  18  1:07  Probe (Chrono Boost)  
  19  1:18  Probe (Chrono Boost)  
  20  1:23  Nexus  
  20  1:28  Probe (Chrono Boost)  
  21  1:37  Cybernetics Core  
  21  1:43  Probe (Chrono Boost)  
  22  1:47  Assimilator  
  22  1:53  Probe (Chrono Boost)  
  23  1:57  Pylon  
  23  2:14  Warp Gate (Chrono Boost)  
  23  2:15  Adept  
  23  2:16  Mothership Core (Chrono Boost)  
  27  2:34  Probe (Chrono Boost)  
  28  2:37  Probe (Chrono Boost)  
  28  2:45  Probe (Chrono Boost)  
  28  2:49  Stargate  
  28  2:50  Probe (Chrono Boost)  
  30  2:55  Probe (Chrono Boost)  
  30  2:56  Stalker  
  33  3:00  Probe (Chrono Boost)  
  33  3:01  Pylon  
  34  3:06  Probe (Chrono Boost)  
  34  3:11  Probe (Chrono Boost)  
  36  3:16  Probe (Chrono Boost)  
  37  3:21  Probe (Chrono Boost)  
  37  3:26  Assimilator  
  38  3:27  Probe (Chrono Boost)  
  38  3:31  Assimilator  
  38  3:32  Probe (Chrono Boost)  
  40  3:37  Probe (Chrono Boost)  
  41  3:42  Probe (Chrono Boost)  
  41  3:44  Oracle (Chrono Boost)  
  41  3:48  Probe  
  44  3:51  Probe  
  44  3:53  Robotics Facility  
  45  4:00  Probe  
  46  4:03  Probe, Pylon  
  47  4:12  Probe  
  47  4:15  Phoenix  
  50  4:32  Probe x2  
  50  4:37  Phoenix  
  52  4:44  Observer  
  55  4:47  Nexus  
  55  4:48  Gateway, Pylon  
  55  4:52  Gateway  
  55  4:55  Probe  
  55  4:58  Probe, Phoenix  
  57  5:06  Pylon  
  59  5:07  Probe  
  59  5:10  Sentry, Probe  
  59  5:11  Immortal  
  67  5:19  Probe  
  68  5:21  Gateway  
  68  5:26  Robotics Bay  
  68  5:30  Probe, Pylon  
  68  5:34  Sentry  
  68  5:35  Probe  
  72  5:42  Probe  
  73  5:47  Probe  
  73  5:54  Probe  
  73  5:57  Probe, Phoenix  
  73  5:59  Probe  
  77  6:04  Warp Prism  
  77  6:06  Probe  
  77  6:08  Probe  
  81  6:12  Twilight Council  
  81  6:14  Forge  
  81  6:15  Probe  
  81  6:16  Forge  
  82  6:18  Phoenix  
  82  6:23  Stalker x2  
  88  6:31  Stalker  
  90  6:43  Phoenix  
  90  6:51  Disruptor  
  93  6:59  Protoss Ground Weapons Level 1, Protoss Ground Armor Level 1  
  93  7:02  Assimilator  
  93  7:05  Pylon  
  93  7:07  Pylon, Assimilator  
  93  7:14  Charge  
  93  7:21  Probe  
  93  7:23  Probe x2  
  93  7:24  Stalker x2  
  93  7:25  Zealot  
  102  7:32  Probe  
  102  7:35  Probe x2  
  105  7:39  Disruptor  
  108  7:45  Pylon  
  108  7:47  Pylon  
  108  7:48  Pylon  
  108  7:59  Phoenix  
  108  8:00  Probe  
  108  8:05  Gateway, Zealot x4, Pylon  
  119  8:06  Gateway  
  119  8:08  Gateway, Pylon  
  119  8:10  Gateway  
  119  8:11  Gateway  
  119  8:14  Disruptor  
  122  8:25  Zealot x4  
  122  8:26  Phoenix  
  132  8:41  Probe  
  125  9:07  Nexus, Disruptor  
  124  9:10  Zealot x4  
  124  9:14  Pylon  
  124  9:17  Pylon  
  132  9:20  Assimilator  
  126  9:26  Zealot  
  126  9:27  Zealot x4  
  126  9:28  Phoenix  
  135  9:42  Disruptor  
  135  9:45  Robotics Facility  
  138  9:48  Gateway, Photon Cannon  
  138  9:49  Photon Cannon  
  138  9:50  Gateway, Photon Cannon  
  138  9:51  Photon Cannon x2  
  138  9:59  Sentry x2  
  139  10:00  Sentry  
  139  10:02  Zealot x3  
  147  10:11  Phoenix  
  147  10:13  Zealot x3  
  135  10:29  Zealot x5  
  135  10:33  Warp Prism  
  147  10:36  Phoenix  
  145  10:51  Probe x3  
Tags
 
Add a new tag
Caveats
  • Supply blocks, unpowered buildings, or Contaminate may cause inaccurate times.
  • Supply counts are checked every 10 seconds.